 Dungeon Crawl Stone Soup version 0.31-a0-133-gaae73658be (webtiles) character file.

Game seed: 16325227741547689944

20 xian the Vexing (level 2, -1/16 HPs)
             Began as a Tengu Hexslinger on June 2, 2023.
             Slain by Terence
             ... wielding a +1 falchion of distortion
              (4 damage)
             ... on level 2 of the Dungeon on June 3, 2023.
             The game lasted 00:06:43 (779 turns).

xian the Vexing (Tengu Hexslinger)                   Turns: 779, Time: 00:06:44

Health: -1/16      AC:  5    Str:  7    XL:     2   Next: 79%
Magic:  3/4        EV: 12    Int: 17    God:
Gold:   78         SH:  0    Dex: 13    Spells: 2/3 levels left

rFire   . . .        a - +1 sling
rCold   . . .        (no shield)
rNeg    . . .        c - +0 robe
rPois   +            (helmet restricted)
rElec   .            d - +2 cloak
rCorr   .            (no gloves)
SInv    .            (boots unavailable)
Will    +....        (no amulet)
Stlth   +            f - ring of poison resistance
HPRegen 0.22/turn    g - ring of willpower
MPRegen 0.09/turn

%: no passive effects
@: no status effects
A: beak, talons 3, clever 1, clumsy 1, sense surroundings 1
a: no special abilities


You were on level 2 of the Dungeon.
You visited 1 branch of the dungeon, and saw 2 of its levels.

You collected 78 gold pieces.

Inventory:

Hand Weapons
 a - a +1 sling (weapon)
 k - a +0 dagger
Armour
 c - a +0 robe (worn)
 d - a +2 cloak (worn)
Jewellery
 f - a ring of poison resistance (left hand)
 g - a ring of willpower (right hand)
Scrolls
 e - a scroll of fear {unknown}
 h - 3 scrolls of immolation {unknown}
 j - a scroll of amnesia {unknown}


   Skills:
 + Level 1.1 Fighting
 + Level 2.4 Ranged Weapons
 + Level 2.3 Dodging
 + Level 1.1 Spellcasting
 + Level 2.6 Hexes


You had 2 spell levels left.
You knew the following spells:

 Your Spells              Type           Power      Damage    Failure   Level
a - Slow                  Hex            36%        N/A       7%          1

Your spell library contained the following spells:

 Spells                   Type           Power      Damage    Failure   Level
 Lesser Beckoning         Tloc           0%         N/A       32%         2
 Inner Flame              Hex/Fire       5%         N/A       36%         3
 Portal Projectile        Hex/Tloc       10%        N/A       36%         3
 Gell's Gravitas          Tloc           0%         N/A       54%         3
 Teleport Other           Tloc           0%         N/A       54%         3
 Cause Fear               Hex            4%         N/A       56%         4


Dungeon Overview and Level Annotations

Branches:
Dungeon (2/15)

Altars:

Annotations:
D:2 Terence


Innate Abilities, Weirdness & Mutations

You have a beak for a mouth.
You have claws for feet.
Your mind is acute. (Int +4, Str/Dex -1)
You are clumsy. (Dex -2)
You passively map a small area around you.


Message History

You shoot a sling bullet.
The sling bullet closely misses Terence.
Fire: a) +1 sling
Press: ? - help, Shift-Dir - straight line, f/p - Terence
Aim: Terence, wielding a +1 falchion of distortion and wearing a +0 ring mail (moderately wounded, 60% to hit)
You shoot a sling bullet.
The sling bullet hits Terence but does no damage.
Terence is moderately wounded.
Fire: a) +1 sling
Press: ? - help, Shift-Dir - straight line, f/p - Terence
Aim: Terence, wielding a +1 falchion of distortion and wearing a +0 ring mail (moderately wounded, 60% to hit)
You shoot a sling bullet. The sling bullet hits Terence.
Terence is heavily wounded.
Unknown command.
Fire: a) +1 sling
Press: ? - help, Shift-Dir - straight line, f/p - Terence
Aim: Terence, wielding a +1 falchion of distortion and wearing a +0 ring mail (heavily wounded, 60% to hit)
You shoot a sling bullet. The sling bullet hits Terence!
Terence is severely wounded.
Unknown command.
Fire: a) +1 sling
Press: ? - help, Shift-Dir - straight line, f/p - Terence
Aim: Terence, wielding a +1 falchion of distortion and wearing a +0 ring mail (severely wounded, 60% to hit)
You shoot a sling bullet. The sling bullet hits Terence.
Terence is almost dead.
Terence says, "Time to say good-bye..."
Fire: a) +1 sling
Press: ? - help, Shift-Dir - straight line, f/p - Terence
Aim: Terence, wielding a +1 falchion of distortion and wearing a +0 ring mail (almost dead, 60% to hit)
You shoot a sling bullet. The sling bullet barely misses Terence.
Unknown command.
Fire: a) +1 sling
Press: ? - help, Shift-Dir - straight line, f/p - Terence
Aim: Terence, wielding a +1 falchion of distortion and wearing a +0 ring mail (almost dead, 60% to hit)
You shoot a sling bullet.
The sling bullet closely misses Terence.
Terence hits you with a +1 falchion of distortion.
* * * LOW HITPOINT WARNING * * *
Space warps around you.
You die...

* * * * * ,,
* *, ,, * *
, * , , *,,,
, , * #,
*#######°#☼#
, ,
#○<@@☼.§g○#
*
#§#☼§§.○.○☼.
,,
#.#§###☼☼##.
* *
#.##.#§###
☼# ,
#........#
..
####.#☼#.#
## #.#☼#...*
*
#.°○.,#.#**
..).. ..#


You could see Terence and a goblin.

Vanquished Creatures
  2 dart slugs (D:1)
  A ball python (D:1)
  An endoplasm (D:2)
  2 goblins (D:1)
  3 jackals (D:1)
  A quokka (D:1)
  A bat (D:1)
  4 frilled lizards (D:1)
15 creatures vanquished.

Notes
Turn   | Place    | Note
-------+----------+-------------------------------------------
     0 | D:1      | xian the Tengu Hexslinger began the quest for the Orb.
     0 | D:1      | Reached XP level 1. HP: 12/12 MP: 3/3
   129 | D:1      | Reached XP level 2. HP: 16/16 MP: 4/4
   687 | D:2      | Noticed Terence
   772 | D:2      | Gained mutation: You are clumsy. (Dex -2) [potion of
                  | mutation]
   772 | D:2      | Gained mutation: Your mind is acute. (Int +4, Str/Dex -1)
                  | [potion of mutation]
   772 | D:2      | Gained mutation: You passively map a small area around you.
                  | [potion of mutation]
   779 | D:2      | Slain by Terence

Illustrated notes

Levels and vault maps discovered:
D:1:      psy_arrival_whirlpool, layout_loops_ring
D:2:      layout_basic, basic_altar, glass_columns_b, minmay_cut_off,
          uniq_terence

Action                     || total
---------------------------++-------
   Fire: Sling             ||    51
   Cast: Slow              ||     6
    Use: Scroll            ||     1
         Potion            ||     1
 Armour: Robe              ||     5
  Dodge: Dodged            ||    23

Table legend: (Time is in decaauts)
 A = Elapsed time spent in this place.
 B = Non-inter-level travel time spent in this place.
 C = Inter-level travel time spent in this place.
 D = Time resting spent in this place.
 E = Time spent auto-exploring this place.
 F = Levels seen in this place.
 G = Mean time per level.
                   A        B        C        D        E       F      G
               +--------+--------+--------+--------+--------+-----+--------+
         Total |    794 |    763 |     31 |      0 |    616 |   2 |  397.0 |
       Dungeon |    794 |    763 |     31 |      0 |    616 |   2 |  397.0 |
               +--------+--------+--------+--------+--------+-----+--------+

Top non-repeatable levels by time:
     D:1: 749 daAuts
     D:2: 44 daAuts
